 Dungeon Crawl Stone Soup version 0.25-a0-942-g87a53962fc (webtiles) character file.

Game seed: 13112911861877002494, levelgen mode: deterministic

459097 Flugslaktarn the Slayer (level 23, -21/212 HPs)
             Began as a Minotaur Fighter on May 7, 2020.
             Was the Champion of Okawaru.
             Demolished by an Orb Guardian (25 damage)
             ... on level 5 of the Realm of Zot.
             The game lasted 00:31:15 (43736 turns).

Flugslaktarn the Slayer (Minotaur Fighter)         Turns: 43736, Time: 00:31:16

Health: -21/212    AC: 52    Str: 27      XL:     23   Next: 4%
Magic:  25/25      EV: 28    Int:  6 (7)  God:    Okawaru [******]
Gold:   2768       SH: 21    Dex: 15      Spells: 22/22 levels left

rFire    + + +     SeeInvis +   S - +9 broad axe of Fear {protect, rPois MR+ Str-5 Int+4}
rCold    + + .     Gourm    .   V - +4 kite shield {rC+}
rNeg     + . .     Faith    .   U - +7 plate armour "Ijimuch" {rElec Int-2 SInv}
rPois    +         Spirit   .   G - +2 hat
rElec    +         Reflect  .   y - +2 cloak
rCorr    .         Harm     .   H - +2 pair of gloves of Siazxafe {Str+6}
MR       +++++     Clarity  +   C - +2 pair of boots {run}
Stlth    ..........             B - amulet of the Four Winds {rN+ MR+++ Clar}
HPRegen  0.45/turn              n - ring of Tuipuit {rPois EV+5 SInv}
MPRegen  0.19/turn              D - ring "Plog" {rF++ rC+}

@: heroism, protection aura, quick
A: retaliatory headbutt, beak, horns 2, molten scales 1, clarity, deterioration
2, fire resistance 2, frail 1, low mp 1, screaming 1
}: 3/15 runes: barnacled, silver, gossamer
a: Heroism, Finesse, Renounce Religion


You were on level 5 of the Realm of Zot.
You worshipped Okawaru.
Okawaru was exalted by your worship.
You were very hungry.

You visited 7 branches of the dungeon, and saw 44 of its levels.
You visited the Abyss 2 times.
You also visited: Gauntlet and Ice Cave.

You collected 2820 gold pieces.
You spent 52 gold pieces at shops.

Inventory:

Hand Weapons
 a - a +1 broad axe of flaming
   (Okawaru gifted it to you on level 9 of the Dungeon)
 u - the +5 war axe of the Volcano {elec, rF+}
   (Okawaru gifted it to you on level 3 of the Lair of Beasts)

   Occasionally, upon striking a foe, it will discharge some electrical energy
   and cause terrible harm.
   It protects you from fire.
 S - the +9 broad axe of Fear (weapon) {protect, rPois MR+ Str-5 Int+4}
   (Okawaru gifted it to you on level 6 of the Lair of Beasts)

   It grants its wielder temporary protection when it strikes (+7 to AC).
   It affects your strength (-5).
   It affects your intelligence (+4).
   It protects you from poison.
   It affects your resistance to hostile enchantments.
Missiles
 A - 5 throwing nets (quivered)
Armour
 f - the +0 pair of boots "Capt" {rN++ rCorr Int+4}
   (You acquired it on level 4 of the Lair of Beasts)

   It affects your intelligence (+4).
   It greatly protects you from negative energy.
   It provides partial protection from all sources of acid and corrosion.
 y - a +2 cloak (worn)
   (You found it on level 2 of the Vaults)
 C - a +2 pair of boots of running (worn)
   (Okawaru gifted it to you on level 10 of the Dungeon)
 G - a +2 hat (worn)
   (You found it on level 2 of the Lair of Beasts)
 H - the +2 pair of gloves of Siazxafe (worn) {Str+6}
   (Okawaru gifted it to you on level 3 of the Lair of Beasts)

   It affects your strength (+6).
 K - the +15 plate armour "Wuxoetim" {+Inv rN+ MR+}
   (Okawaru gifted it to you in an ice cave)

   It protects you from negative energy.
   It affects your resistance to hostile enchantments.
   It lets you turn invisible.
 U - the +7 plate armour "Ijimuch" (worn) {rElec Int-2 SInv}
   (Okawaru gifted it to you on level 4 of the Vaults)

   It affects your intelligence (-2).
   It insulates you from electricity.
   It lets you see invisible.
 V - a +4 kite shield of cold resistance (worn)
   (Okawaru gifted it to you on level 3 of the Spider Nest)
Jewellery
 c - an uncursed ring of protection from cold
   (You took it off a merfolk impaler on level 4 of the Depths)
 i - an uncursed ring of see invisible
   (You found it on level 2 of the Lair of Beasts)
 j - an uncursed ring of positive energy
   (You found it on level 5 of the Dungeon)
 m - an uncursed ring of protection from magic
   (You took it off a deep elf high priest on level 5 of the Vaults)
 n - the ring of Tuipuit (left hand) {rPois EV+5 SInv}
   (You found it on level 3 of the Spider Nest)

   [ring of evasion]

   It affects your evasion (+5).
   It protects you from poison.
   It lets you see invisible.
 B - the amulet of the Four Winds (around neck) {rN+ MR+++ Clar}
   (You found it in a Gauntlet)

   [amulet of nothing]

   It protects you from negative energy.
   It affects your resistance to hostile enchantments.
   It protects you against confusion.
 D - the ring "Plog" (right hand) {rF++ rC+}
   (You found it in a Gauntlet)

   [ring of protection from cold]

   It greatly protects you from fire.
   It protects you from cold.
 F - a +4 amulet of reflection
   (You took it off a tengu conjurer on level 4 of the Depths)
 T - a +2 ring of strength
   (You took it off a green draconian on level 5 of the Depths)
Wands
 s - a wand of iceblast (15)
   (You found it on level 3 of the Dungeon)
 I - a wand of acid (24)
   (You found it on level 4 of the Dungeon)
 L - a wand of enslavement (19)
   (You found it on level 2 of the Lair of Beasts)
 P - a wand of paralysis (8)
   (You found it on level 12 of the Dungeon)
Scrolls
 o - 4 scrolls of immolation
 r - 4 scrolls of identify
 t - 8 scrolls of teleportation
 v - 2 scrolls of fear
 x - 16 scrolls of remove curse
 z - a scroll of blinking
 E - 3 scrolls of vulnerability
 J - 3 scrolls of brand weapon
 N - a scroll of fog
 O - a scroll of holy word
 Q - a scroll of summoning
 R - 2 scrolls of enchant weapon
Potions
 d - 2 potions of might
 g - 2 potions of flight
 h - 2 potions of haste
 k - 2 potions of mutation
 l - 3 potions of invisibility
 p - 3 potions of magic
 q - 8 potions of curing
 M - 4 potions of ambrosia
Comestibles
 e - 41 rations


   Skills:
 + Level 25.9(27) Fighting
 - Level 18.0(23.0) Axes
 + Level 24.7(27) Armour
 + Level 19.2(24.2) Dodging
 - Level 15.0(20.0) Shields
 - Level 8.0 Invocations


You had 22 spell levels left.
You didn't know any spells.
Your spell library was empty.

Dungeon Overview and Level Annotations

Branches:
Dungeon (15/15)            Temple (0/1) D:7            Lair (6/6) D:10
 Shoals (4/4) Lair:4       Spider (4/4) Lair:2        Slime (0/5) Lair:6
    Orc (0/2) D:10         Vaults (5/5) D:14         Depths (5/5) D:15
    Zot (5/5) Depths:5      IceCv (visited)         Gauntlet (visited)
  Crypt: Vaults:2-3

Altars:
Ashenzari
Cheibriados
Fedhas
Kikubaaqudgha
Nemelex Xobeh
Okawaru
Sif Muna
Uskayaw
Wu Jian
Xom
The Shining One

Shops:
D:5 (   D:11 *   Shoals:3 (%   Vaults:4 %

Portals:
Hell: Depths:2
Pandemonium: Depths:3

Annotations:
D:9 3 runed translucent doors
Lair:2 exclusion: oklob plant
Lair:4 3 runed translucent doors, Libuhoy's ghost, journeyman DEFE
Lair:6 2 transporters, exclusions: lava snake, orange crystal statue and 5 more exclusions, Sonja; tilp's ghost, journeyman KoAM
Shoals:1 2 runed translucent doors, ra1n577's ghost, journeyman MiFi
Shoals:3 1 transporter
Depths:2 1 runed translucent door
Zot:1 exclusion: 6 oklob plants


Innate Abilities, Weirdness & Mutations

You reflexively headbutt those who attack you in melee.
You have a pair of horns on your head.
You have a beak for a mouth.
You are partially covered in molten scales. (AC +2)
You possess an exceptional clarity of mind.
Your body often deteriorates upon taking damage.
Your flesh is very heat resistant. (rF++)
You are frail. (-10% HP)
Your magical capacity is low. (-10% MP)
You occasionally shout uncontrollably at your foes.


Message History

The red draconian breathes flames at you.
The searing blast hits the orb of fire.
The orb of fire completely resists.
The searing blast misses you.
The ancient lich casts a spell.
The Killer Klown blinks!
The white draconian enters a dispersal trap!
The red draconian blinks!
The shadow dragon blinks!
The Killer Klown blinks! x2
The orb of fire blinks!
The Killer Klown blinks! x2
The yellow draconian blinks!
The Orb Guardian blinks!
The green draconian knight blinks!
The orb of fire blinks!
The Orb Guardian closely misses you. You furiously retaliate!
You headbutt the Orb Guardian, but do no damage.
Unknown command.
You slash the Orb Guardian! Your headbutt misses the Orb Guardian.
The Orb Guardian is moderately wounded.
You barely miss the Orb Guardian.
You are engulfed in blazing flames.
You resist.
* * * LOW HITPOINT WARNING * * *
You block the Orb Guardian's attack. The Orb Guardian hits you!!
You die...

#.p.......))....#
#p.§.)).)))...##
#.....p)..DL§§#
##y..d).y..d.##
#...§.§.dd§p#
##.).p.§§§...##
#..d)1dy§§§p..#
#.).§dX.DX§§.§##
#..1Lq..d.X@X*X.#
#.D.###########.§[#
....# #.§.. q..##
##.§ ▓▓▓


You could see an orb of fire, 2 Killer Klowns, a shadow dragon, an ancient lich
(invisible), a Brimstone Fiend, a yellow draconian, a purple draconian
(berserk), a red draconian, a white draconian (berserk), a white draconian
shifter, 5 Orb Guardians and a moth of wrath.

Vanquished Creatures
  An orb of fire (Zot:3)
  2 juggernauts (Depths:4)
  4 ancient liches
  5 golden dragons
  A bone dragon (Depths:5)
  3 liches
  Rupert (Lair:3)
  Jorgrun (D:12)
  Asterion (Spider:2)
  10 tentacled monstrosities
  12 Orb Guardians (Zot:5)
  5 quicksilver dragons
  3 titans (Vaults:5)
  A kraken (Shoals:4)
  5 sphinxes
  The ghost of Gaotz the Bludgeoner, an adept MiFi of Nemelex Xobeh (Spider:3)
  The ghost of Wirphim the Geomancer, a journeyman DgEE (Spider:3)
  Frances (D:13)
  A tentacled starspawn (Abyss:2)
  The ghost of Jom Ituh the Severer, an adept DDFi of Makhleb (Spider:3)
  9 shadow dragons
  6 storm dragons
  4 tengu reavers
  Kirke (Spider:2)
  The ghost of Jipp the Severer, a journeyman DDFi of Makhleb (Spider:3)
  4 fire giants
  2 draconian monks
  4 draconian knights
  10 vault wardens (Vaults:5)
  A cacodemon (Abyss:2)
  9 draconian shifters
  Louise (Spider:2)
  5 frost giants
  6 draconian scorchers
  3 draconian stormcallers
  4 ghost moths (Spider:4)
  5 emperor scorpions
  7 ironheart preservers
  2 spriggan defenders (Depths:4)
  The ghost of Evuegeoc the Lord of Darkness, a journeyman DsNe of Kikubaaqudgha (Spider:3)
  A deep elf elementalist (Vaults:5)
  An entropy weaver (Spider:3)
  7 stone giants
  3 draconian annihilators
  10 green draconians
  2 war gargoyles
  12 very ugly things
  2 vampire knights (Depths:4)
  8 black draconians
  A deep elf annihilator (Vaults:5)
  2 deep elf demonologists (Vaults:5)
  5 purple draconians
  10 red draconians
  A dire elephant (D:15)
  A minotaur (Gauntlet)
  7 yellow draconians
  10 spark wasps
  10 white draconians
  Snorg (D:10)
  A merfolk javelineer (Shoals:4)
  Josephine (D:13)
  A crystal guardian (Vaults:5)
  A quicksilver dragon zombie (Abyss:2)
  5 fire dragons
  3 ettins
  4 merfolk impalers
  3 deep elf high priests (Vaults:5)
  13 yaktaur captains
  26 vault guards
  3 great orbs of eyes
  5 hydras
  4 ice dragons
  3 spriggan air magi
  3 catoblepae (Lair:6)
  6 centaur warriors
  12 two-headed ogres
  2 tengu warriors
  5 deep troll shamans
  4 ogre magi
  3 death knights
  3 satyrs
  2 merfolk avatars
  8 death yaks
  A deep troll earth mage (Depths:4)
  5 merfolk aquamancers
  A vampire mage (Vaults:3)
  3 spriggan berserkers
  2 thrashing horrors (Abyss:2)
  A wretched star (Abyss:2)
  2 deep elf knights
  2 iron trolls
  2 sixfirhies (Abyss:2)
  7 skeletal warriors
  5 sea snakes
  2 unseen horrors
  3 flayed ghosts
  2 glowing orange brains
  7 deep trolls
  An unseen horror (shapeshifter) (D:14)
  2 starcursed masses (Abyss:2)
  A wizard (Vaults:3)
  6 ironbrand convokers
  A phantasmal warrior (Vaults:5)
  2 deep elf archers (Vaults:5)
  2 wolf spider zombies
  9 orc knights
  24 wolf spiders
  2 fauns (Shoals:2)
  A necromancer (Vaults:3)
  14 orb spiders
  A shining eye (shapeshifter) (Vaults:5)
  8 manticores
  4 cyclopes
  2 human zombies (Vaults:3)
  6 deep elf magi
  A wolf spider (shapeshifter) (Depths:4)
  2 orc sorcerers
  10 ugly things
  9 vault sentinels
  3 merfolk sirens
  13 moths of wrath
  11 elephants
  2 worldbinders (Abyss:2)
  A naga mage (D:15)
  A water nymph (Shoals:3)
  2 black mambas (Lair:5)
  A titan simulacrum (Vaults:4)
  Maurice (D:13)
  2 centaur zombies
  An apocalypse crab (Gauntlet)
  6 spiny frogs
  A centaur skeleton (D:15)
  2 ice statues (IceCv)
  Maggie (Lair:2)
  4 gargoyles
  An orange demon (Abyss:2)
  7 komodo dragons
  A tormentor (Abyss:2)
  A rime drake (shapeshifter) (Depths:1)
  A kobold demonologist (D:14)
  A rime drake (Lair:4)
  36 yaktaurs
  An efreet (D:13)
  4 demonic crawlers
  2 freezing wraiths (Vaults:5)
  7 ice devils (IceCv)
  An ancient zyme (Abyss:2)
  3 tengu conjurers
  6 trolls
  A troll (shapeshifter) (Vaults:3)
  13 hornets
  4 wind drakes
  A polar bear (Lair:5)
  18 jumping spiders
  15 merfolk
  A jumping spider (shapeshifter) (Vaults:2)
  8 large abominations
  10 raiju (Abyss:2)
  18 slime creatures
  7 dream sheep (Lair:6)
  10 flying skulls (Abyss:2)
  9 blink frogs
  2 snapping turtles
  12 hippogriffs
  A spriggan (shapeshifter) (Vaults:5)
  A shadow (Vaults:3)
  5 small abominations
  27 tarantellas
  53 redbacks
  79 yaks
  2 spriggans (Depths:4)
  11 wraiths
  A yak (shapeshifter) (Vaults:3)
  3 hogs (Spider:2)
  Sigmund (D:3)
  5 fire bats (Abyss:2)
  4 wyverns
  9 water elementals
  A ynoxinul (Abyss:2)
  A steam dragon (D:10)
  3 hungry ghosts
  2 neqoxecs (Abyss:2)
  A chaos spawn (Abyss:2)
  4 vampire mosquitoes (D:14)
  4 wargs
  5 soldier ants
  11 water moccasins
  2 acid dragons
  6 porcupines
  17 orc warriors
  5 hell hounds
  A floating eye (shapeshifter) (Depths:5)
  4 ice beasts
  5 sky beasts
  An ogre (shapeshifter) (Vaults:5)
  2 eyes of draining
  8 phantoms
  A black bear (D:12)
  11 wolves
  14 centaurs
  A necrophage (D:9)
  17 ogres
  11 crocodiles
  A human skeleton (Vaults:3)
  2 big kobolds
  20 bullfrogs
  A wyvern zombie (D:5)
  A wyvern skeleton (D:14)
  6 scorpions
  17 killer bees
  2 troll zombies (D:10)
  8 wights
  3 howler monkeys
  7 electric eels
  6 crimson imps
  17 jellies
  2 human simulacra (Vaults:3)
  3 quasits
  2 bullfrog zombies
  3 bullfrog skeletons
  9 hounds
  8 orc priests
  13 orc wizards
  An iron imp (Abyss:2)
  Ijyb (D:3)
  2 iguanas
  2 hell rats (Lair:4)
  7 worker ants
  A killer bee zombie (D:8)
  6 ogre zombies (D:10)
  A hound skeleton (D:10)
  A worker ant zombie (D:11)
  15 adders
  4 gnolls
  6 river rats (Lair:4)
  2 shadow imps
  12 white imps
  4 ufetubi
  5 oozes
  2 adder zombies
  3 worms
  5 dart slugs
  8 leopard geckos
  81 orcs
  4 bats (D:1)
  10 giant cockroaches
  4 goblins
  9 hobgoblins
  23 jackals
  A quokka (D:8)
  A ball python (D:5)
  3 frilled lizards
  2 goblin zombies (D:10)
  2 hobgoblin skeletons (D:10)
  3 hobgoblin zombies (D:10)
  A jackal skeleton (D:5)
  16 kobolds
  A leopard gecko skeleton (D:7)
  An orc skeleton (D:10)
  17 orc zombies (D:10)
  6 rats
  11 fungi
  A lurking horror (Abyss:2)
  A plant (Lair:5)
  2 starspawn tentacles (Abyss:2)
  3 tentacles (Shoals:4)
1528 creatures vanquished.

Vanquished Creatures (others)
  A tentacled monstrosity (Zot:1)
  A draconian knight (Zot:4)
  A draconian shifter (Zot:1)
  A draconian stormcaller (Zot:1)
  An ironheart preserver (Vaults:2)
  2 draconian annihilators (Zot:1)
  A reaper (IceCv)
  2 black draconians (Zot:1)
  4 red draconians (Zot:1)
  2 yellow draconians (Zot:1)
  An orc knight (Vaults:4)
  An ugly thing (Vaults:5)
  2 moths of wrath (Zot:1)
  A stone giant simulacrum (Abyss:2)
  A small abomination (Abyss:2)
  An orc wizard (D:9)
  4 white imps (IceCv)
  4 ufetubi (IceCv)
  13 fungi
  A lurking horror (Abyss:2)
  9 plants
  3 starspawn tentacles (Abyss:2)
  8 tentacles (Shoals:4)
65 creatures vanquished.

Grand Total: 1593 creatures vanquished

Notes
Turn   | Place    | Note
-------+----------+-------------------------------------------
     0 | D:1      | Flugslaktarn the Minotaur Fighter began the quest for the
                  | Orb.
     0 | D:1      | Reached XP level 1. HP: 19/19 MP: 0/0
    46 | D:1      | Reached XP level 2. HP: 23/27 MP: 1/1
   314 | D:1      | Found an iron altar of Okawaru.
   322 | D:1      | Became a worshipper of Warmaster Okawaru
   386 | D:1      | Reached XP level 3. HP: 33/33 MP: 2/2
   480 | D:1      | Reached skill level 4 in Fighting
  1180 | D:2      | Reached XP level 4. HP: 40/40 MP: 3/3
  1267 | D:2      | Reached skill level 1 in Invocations
  1942 | D:3      | Noticed Sigmund
  1946 | D:3      | Gained mutation: You have a pair of large horns on your
                  | head. [potion of mutation]
  1946 | D:3      | Gained mutation: You have sharp toenails. [potion of
                  | mutation]
  1946 | D:3      | Gained mutation: You are partially covered in molten
                  | scales. (AC +2) [potion of mutation]
  1955 | D:3      | Killed Sigmund
  1955 | D:3      | Reached * piety under Okawaru
  1955 | D:3      | Reached XP level 5. HP: 35/47 MP: 5/5
  1955 | D:3      | Reached XP level 6. HP: 40/53 MP: 6/6
  2254 | D:3      | Noticed Ijyb
  2262 | D:3      | Killed Ijyb
  2262 | D:3      | Reached skill level 5 in Axes
  2563 | D:3      | Found a shattered altar of Ashenzari.
  2563 | D:3      | Found a shimmering blue altar of Sif Muna.
  2813 | D:4      | Reached skill level 5 in Armour
  2917 | D:4      | Reached skill level 5 in Fighting
  2917 | D:4      | Reached skill level 5 in Shields
  3011 | D:4      | Reached ** piety under Okawaru
  3011 | D:4      | Reached XP level 7. HP: 56/61 MP: 7/7
  3636 | D:5      | Entered Level 5 of the Dungeon
  4180 | D:5      | Reached *** piety under Okawaru
  4180 | D:5      | Reached XP level 8. HP: 70/70 MP: 9/9
  4269 | D:5      | Found Noocuedgh's Weapon Shoppe.
  4993 | D:6      | Reached skill level 6 in Fighting
  5975 | D:7      | Found a staircase to the Ecumenical Temple.
  5992 | D:7      | Reached **** piety under Okawaru
  5996 | D:7      | Reached XP level 9. HP: 36/78 MP: 11/11
  6701 | D:8      | Identified the +8 whip "Legytatz" {flame, *Drain +Inv rF+++
                  | Stlth+}
  6755 | D:8      | Reached skill level 7 in Fighting
  7101 | D:8      | Reached skill level 5 in Invocations
  7493 | D:8      | Found an ornate altar of the Wu Jian Council.
  7495 | D:8      | Found a blossoming altar of Fedhas.
  7498 | D:8      | Found a shimmering altar of Xom.
  7509 | D:8      | Found a hide-covered altar of Uskayaw.
  7615 | D:8      | Reached ***** piety under Okawaru
  7615 | D:8      | Reached skill level 10 in Axes
  7867 | D:9      | Noticed a troll
  7877 | D:9      | Killed a troll
  7877 | D:9      | Reached XP level 10. HP: 54/88 MP: 13/13
  7882 | D:9      | Reached skill level 8 in Fighting
  8440 | D:9      | Received a gift from Okawaru
  8782 | D:9      | Found a runed translucent gate.
  8782 | D:9      | Found a runed translucent gate.
  8782 | D:9      | Found a runed translucent gate.
  8782 | D:9      | Noticed a red ugly thing
  8782 | D:9      | Noticed a red ugly thing
  8782 | D:9      | Noticed a red ugly thing
  8782 | D:9      | Noticed a cyan ugly thing
  8791 | D:9      | Noticed a purple ugly thing
  8848 | D:10     | Entered Level 10 of the Dungeon
  9219 | D:10     | Found a shimmering altar of Xom.
  9385 | D:10     | Noticed Snorg
  9647 | D:10     | Reached skill level 9 in Fighting
 10024 | D:10     | Found a staircase to the Lair.
 10087 | D:10     | Received a gift from Okawaru
 10096 | D:10     | Identified a +0 pair of boots of running (Okawaru gifted it
                  | to you on level 10 of the Dungeon)
 10157 | D:10     | Reached XP level 11. HP: 84/97 MP: 15/15
 10263 | D:10     | Killed Snorg
 10269 | D:10     | Found a staircase to the Orcish Mines.
 10604 | D:10     | You fall into a shaft and drop 3 floors!
 10834 | D:11     | Identified a scroll of acquirement
 10838 | D:11     | Identified the ring of Laicer {Fire rN+ Int+4} (You
                  | acquired it on level 11 of the Dungeon)
 10875 | D:11     | Found Byjeagim's General Store.
 10885 | D:11     | Bought a scroll of magic mapping for 52 gold pieces
 10911 | D:11     | Noticed a cyan ugly thing
 10918 | D:11     | Killed a cyan ugly thing
 10939 | D:11     | Found a gate leading to a gauntlet.
 10954 | Gauntlet | Entered a Gauntlet
 10954 | Gauntlet | Found a transporter.
 11048 | Gauntlet | Found a transporter.
 11048 | Gauntlet | Noticed an entropy weaver
 11051 | Gauntlet | Noticed a wolf spider
 11064 | Gauntlet | Found a transporter.
 11068 | Gauntlet | Found a transporter.
 11086 | Gauntlet | Found a transporter.
 11087 | Gauntlet | Noticed a death scarab
 11088 | Gauntlet | Noticed a death scarab
 11099 | Gauntlet | Found a transporter.
 11104 | Gauntlet | Found a transporter.
 11104 | Gauntlet | Noticed a death ooze
 11108 | Gauntlet | Found a transporter.
 11110 | Gauntlet | Noticed a thrashing horror
 11131 | Gauntlet | Found a transporter.
 11133 | Gauntlet | Found the amulet of the Four Winds {rN+ MR+++ Clar}
 11151 | Gauntlet | Found a transporter.
 11155 | Gauntlet | Found a transporter.
 11157 | Gauntlet | Found a runed translucent gate.
 11157 | Gauntlet | Found a runed translucent gate.
 11157 | Gauntlet | Found a runed translucent gate.
 11163 | Gauntlet | Found a transporter.
 11236 | Gauntlet | Got a scorched glass ring
 11317 | Gauntlet | Identified the ring "Plog" {rF++ rC+} (You found it in a
                  | Gauntlet)
 11600 | Gauntlet | Identified the +9 spear of Conversion {vamp, rF+ rC+ Str+2}
 11600 | Gauntlet | Noticed a minotaur
 11612 | Gauntlet | Killed a minotaur
 11858 | D:10     | Reached skill level 10 in Fighting
 11987 | D:10     | You fall into a shaft and drop 1 floor!
 12173 | Lair:1   | Entered Level 1 of the Lair of Beasts
 12272 | Lair:1   | Received a gift from Okawaru
 12272 | Lair:1   | Reached skill level 10 in Shields
 12277 | Lair:1   | Reached skill level 10 in Armour
 12279 | Lair:1   | Reached ****** piety under Okawaru
 12868 | Lair:1   | Reached XP level 12. HP: 106/106 MP: 17/17
 13371 | Lair:2   | Noticed Maggie
 13388 | Lair:2   | Killed Maggie
 13528 | Lair:2   | Found a frozen archway.
 13534 | Lair:2   | Noticed a seven-headed hydra
 13550 | Lair:2   | Killed a two-headed hydra
 13554 | IceCv    | Entered an ice cave
 13625 | IceCv    | Killed a reaper
 14005 | IceCv    | Received a gift from Okawaru
 14045 | IceCv    | Reached skill level 11 in Fighting
 14436 | IceCv    | Got a distressingly furry plate armour {god gift}
 14448 | IceCv    | Identified the +15 plate armour "Wuxoetim" {+Inv rN+ MR+}
                  | (Okawaru gifted it to you in an ice cave)
 15037 | Lair:2   | Found a hole to the Spider Nest.
 15423 | Lair:3   | Reached skill level 15 in Axes
 15607 | Lair:3   | Noticed a five-headed hydra
 15614 | Lair:3   | Killed a two-headed hydra
 15761 | Lair:3   | Noticed Rupert
 15785 | Lair:3   | HP: 4/110 [Rupert/+8 great mace of protection (26)]
 15786 | Lair:3   | Killed Rupert
 15786 | Lair:3   | Received a gift from Okawaru
 15786 | Lair:3   | Reached XP level 13. HP: 4/116 MP: 10/18
 16176 | Lair:3   | Got a warped war axe {god gift}
 16177 | Lair:3   | Identified the +5 war axe of the Volcano {elec, rF+}
                  | (Okawaru gifted it to you on level 3 of the Lair of Beasts)
 16224 | Lair:3   | Received a gift from Okawaru
 16246 | Lair:3   | Got a pair of heavily runed gloves {god gift}
 16257 | Lair:3   | Identified the +2 pair of gloves of Siazxafe {Str+6}
                  | (Okawaru gifted it to you on level 3 of the Lair of Beasts)
 16736 | Lair:3   | Found a snail-covered altar of Cheibriados.
 16888 | Lair:4   | Reached skill level 12 in Fighting
 17102 | Lair:4   | Found a runed translucent gate.
 17102 | Lair:4   | Found a runed translucent gate.
 17404 | Lair:4   | Found a runed translucent gate.
 17409 | Lair:4   | Noticed Libuhoy's ghost (journeyman DEFE)
 17481 | Lair:4   | Identified the +0 pair of boots "Capt" {rN++ rCorr Int+4}
                  | (You acquired it on level 4 of the Lair of Beasts)
 17481 | Lair:4   | Identified the ring of Osutiu {rPois rC+++} (You acquired
                  | it on level 4 of the Lair of Beasts)
 17545 | Lair:4   | Found a staircase to the Shoals.
 17992 | Lair:5   | Received a gift from Okawaru
 18077 | Lair:5   | Reached skill level 13 in Fighting
 18346 | Lair:5   | Found a dark tunnel.
 18833 | Lair:6   | Entered Level 6 of the Lair of Beasts
 19065 | Lair:6   | Noticed Sonja
 19087 | Lair:6   | Received a gift from Okawaru
 19105 | Lair:6   | Found a staircase to the Slime Pits.
 19552 | Lair:6   | Reached XP level 14. HP: 116/129 MP: 19/19
 19861 | Lair:6   | Reached skill level 14 in Fighting
 19951 | Lair:6   | Received a gift from Okawaru
 19955 | Lair:6   | Got a twisted broad axe {god gift}
 19956 | Lair:6   | Identified the +9 broad axe of Fear {protect, rPois MR+
                  | Str-5 Int+4} (Okawaru gifted it to you on level 6 of the
                  | Lair of Beasts)
 20199 | Lair:6   | Found a transporter.
 20199 | Lair:6   | Noticed tilp's ghost (journeyman KoAM)
 20291 | Lair:6   | Found a transporter.
 21722 | D:12     | Noticed Jorgrun
 21740 | D:12     | Killed Jorgrun
 21740 | D:12     | Received a gift from Okawaru
 21743 | D:12     | Got a spiked chain mail {god gift}
 22426 | D:13     | Noticed Maurice
 22437 | D:13     | Killed Maurice
 22464 | D:13     | Found an ancient bone altar of Kikubaaqudgha.
 22493 | D:13     | Noticed Frances
 22506 | D:13     | Killed Frances
 22506 | D:13     | Reached skill level 15 in Fighting
 23042 | D:13     | Noticed Josephine
 23057 | D:13     | Killed Josephine
 23659 | D:14     | Reached XP level 15. HP: 137/143 MP: 20/20
 23672 | D:14     | Received a gift from Okawaru
 23682 | D:14     | Reached skill level 16 in Fighting
 23754 | D:14     | Found a shattered altar of Ashenzari.
 23822 | D:14     | Found a gate to the Vaults.
 24326 | D:15     | Entered Level 15 of the Dungeon
 24404 | D:15     | Received a gift from Okawaru
 24551 | D:15     | Found a blossoming altar of Fedhas.
 25010 | D:15     | Reached skill level 17 in Fighting
 25136 | D:15     | Found a staircase to the Depths.
 25176 | D:15     | Got a transparent tin ring
 25477 | D:15     | Identified the ring of Ygaahoh {Ice rN+} (You found it on
                  | level 15 of the Dungeon)
 25665 | Spider:1 | Entered Level 1 of the Spider Nest
 25855 | Spider:1 | Reached skill level 15 in Armour
 25867 | Spider:1 | Reached skill level 15 in Shields
 26040 | Spider:2 | Noticed Asterion
 26045 | Spider:2 | Noticed Louise
 26057 | Spider:2 | Killed Asterion
 26057 | Spider:2 | Reached skill level 18 in Fighting
 26557 | Spider:2 | Killed Louise
 26557 | Spider:2 | Received a gift from Okawaru
 26605 | Spider:2 | Noticed Kirke
 26620 | Spider:2 | Killed Kirke
 27434 | Spider:3 | Reached XP level 16. HP: 151/159 MP: 21/21
 27583 | Spider:3 | Received a gift from Okawaru
 27653 | Spider:3 | Reached skill level 1 in Dodging
 27877 | Spider:3 | Found a runed translucent gate.
 27877 | Spider:3 | Found a runed translucent gate.
 27878 | Spider:3 | Found a runed translucent gate.
 27878 | Spider:3 | Noticed Wirphim's ghost (journeyman DgEE)
 27878 | Spider:3 | Noticed Evuegeoc's ghost (journeyman DsNe)
 27878 | Spider:3 | Noticed Jom Ituh's ghost (adept DDFi)
 27878 | Spider:3 | Noticed Jipp's ghost (journeyman DDFi)
 27879 | Spider:3 | Noticed Gaotz's ghost (adept MiFi)
 27891 | Spider:3 | Killed Jipp's ghost
 27895 | Spider:3 | Killed Evuegeoc's ghost
 27906 | Spider:3 | Killed Wirphim's ghost
 27917 | Spider:3 | Killed Jom Ituh's ghost
 27937 | Spider:3 | Killed Gaotz's ghost
 27937 | Spider:3 | Reached skill level 19 in Fighting
 27959 | Spider:3 | Got a warped granite ring
 27985 | Spider:3 | Identified the ring of Tuipuit {rPois EV+5 SInv} (You found
                  | it on level 3 of the Spider Nest)
 28433 | Spider:4 | Entered Level 4 of the Spider Nest
 28849 | Spider:4 | Received a gift from Okawaru
 28850 | Spider:4 | Reached skill level 5 in Dodging
 29181 | Spider:4 | Received a gift from Okawaru
 29461 | Spider:4 | Got a gossamer rune of Zot
 29732 | Shoals:1 | Entered Level 1 of the Shoals
 29734 | Shoals:1 | Found a runed translucent gate.
 29735 | Shoals:1 | Found a runed translucent gate.
 29735 | Shoals:1 | Noticed ra1n577's ghost (journeyman MiFi)
 29829 | Shoals:2 | Reached XP level 17. HP: 111/169 MP: 22/22
 30194 | Shoals:2 | Cast into level 2 of the Abyss (merfolk impaler)
 30313 | Abyss:2  | Received a gift from Okawaru
 30314 | Abyss:2  | Gained mutation: You are dopey. (Int -2) [a cacodemon]
 30387 | Abyss:2  | Reached skill level 20 in Fighting
 30504 | Shoals:2 | Escaped the Abyss
 30886 | Shoals:2 | Cast into level 2 of the Abyss (merfolk impaler)
 30886 | Abyss:2  | Found a corrupted altar of Lugonu.
 30886 | Abyss:2  | Found a shimmering blue altar of Sif Muna.
 30947 | Abyss:2  | Found a shimmering blue altar of Sif Muna.
 31153 | Abyss:2  | Found a corrupted altar of Lugonu.
 31248 | Abyss:2  | Found a shimmering blue altar of Sif Muna.
 31261 | Abyss:2  | Gained mutation: Scrolls take you a little longer to read.
                  | [a neqoxec]
 31266 | Abyss:2  | Gained mutation: You are frail. (-10% HP) [a neqoxec]
 31287 | Shoals:2 | Escaped the Abyss
 31348 | Shoals:2 | Lost mutation: You have sharp toenails. [potion of
                  | mutation]
 31348 | Shoals:2 | Lost mutation: Scrolls take you a little longer to read.
                  | [potion of mutation]
 31348 | Shoals:2 | Gained mutation: Your flesh is heat resistant. (rF+)
                  | [potion of mutation]
 31348 | Shoals:2 | Lost mutation: You are dopey. (Int -2) [potion of mutation]
 31348 | Shoals:2 | Gained mutation: You have a beak for a mouth. [potion of
                  | mutation]
 31349 | Shoals:2 | Lost mutation: You have a pair of large horns on your head.
                  | [potion of mutation]
 31349 | Shoals:2 | Lost mutation: You are frail. (-10% HP) [potion of
                  | mutation]
 31349 | Shoals:2 | Gained mutation: Your flesh is very heat resistant. (rF++)
                  | [potion of mutation]
 31349 | Shoals:2 | Gained mutation: You possess an exceptional clarity of
                  | mind. [potion of mutation]
 32183 | Shoals:3 | Found Tiann's Distillery.
 32213 | Shoals:3 | Found Teuwneng's Weapon Emporium.
 32213 | Shoals:3 | Found Lasus's Food Shop.
 32279 | Shoals:4 | Entered Level 4 of the Shoals
 32401 | Shoals:4 | Noticed a kraken
 32526 | Shoals:3 | Found a transporter.
 32799 | Shoals:4 | Received a gift from Okawaru
 32804 | Shoals:4 | Got a pair of polished gloves {god gift}
 32805 | Shoals:4 | Identified the +0 pair of gloves "Loosoic" {rC- Str+6}
                  | (Okawaru gifted it to you on level 4 of the Shoals)
 32822 | Shoals:4 | Identified the cursed +2 shortbow of Uqekhloho {flame, rF+
                  | rC+ Int+4}
 32856 | Shoals:4 | Killed a kraken
 32870 | Shoals:4 | Got a barnacled rune of Zot
 33246 | Vaults:1 | Entered Level 1 of the Vaults
 33413 | Vaults:2 | Reached skill level 10 in Dodging
 33789 | Vaults:3 | Reached XP level 18. HP: 169/180 MP: 23/23
 33874 | Vaults:3 | You fall into a shaft and drop 1 floor!
 33951 | Vaults:4 | Found Sizxielo's Food Shoppe.
 33991 | Vaults:4 | Reached skill level 21 in Fighting
 34118 | Vaults:4 | Received a gift from Okawaru
 34505 | Vaults:3 | Found a sparkling altar of Nemelex Xobeh.
 34866 | Vaults:4 | Received a gift from Okawaru
 34893 | Vaults:4 | Got a smoking plate armour {god gift}
 34894 | Vaults:4 | Identified the +7 plate armour "Ijimuch" {rElec Int-2 SInv}
                  | (Okawaru gifted it to you on level 4 of the Vaults)
 35052 | Vaults:5 | Entered Level 5 of the Vaults
 35058 | Vaults:5 | Noticed a tentacled monstrosity
 35197 | Vaults:5 | Noticed a tentacled monstrosity
 35201 | Vaults:5 | Noticed a tentacled monstrosity
 35209 | Vaults:5 | Killed a tentacled monstrosity
 35298 | Vaults:5 | Noticed an ancient lich
 35322 | Vaults:5 | Killed an ancient lich
 35330 | Vaults:5 | Noticed a golden dragon
 35332 | Vaults:5 | Received a gift from Okawaru
 35355 | Vaults:5 | Killed a golden dragon
 35355 | Vaults:5 | Reached skill level 22 in Fighting
 35355 | Vaults:5 | Reached XP level 19. HP: 65/191 MP: 20/24
 35361 | Vaults:5 | Noticed a lich
 35379 | Vaults:5 | Killed a lich
 35953 | Vaults:5 | Received a gift from Okawaru
 35957 | Vaults:5 | Identified the +0 plate armour "Sinoamay" {Dex+5 Slay-4}
                  | (Okawaru gifted it to you on level 5 of the Vaults)
 36031 | Vaults:5 | Noticed a Brimstone Fiend
 36394 | Vaults:5 | Noticed a golden dragon
 36409 | Vaults:5 | Killed a golden dragon
 36608 | Vaults:5 | Identified the +7 glaive of the Lonely Stories {drain, +Inv
                  | rElec rF- Str-5}
 36746 | Vaults:5 | Identified the cursed +0 war axe of Ashenzari's Generosity
                  | {speed, rElec}
 36788 | Vaults:5 | Noticed an ancient lich
 36866 | Vaults:5 | Killed an ancient lich
 36866 | Vaults:5 | Received a gift from Okawaru
 37151 | Vaults:5 | Noticed an ancient lich
 37168 | Vaults:5 | Killed an ancient lich
 37168 | Vaults:5 | Reached skill level 23 in Fighting
 37168 | Vaults:5 | Reached XP level 20. HP: 203/203 MP: 25/25
 37303 | Vaults:5 | Received a gift from Okawaru
 37348 | Vaults:5 | Reached skill level 15 in Dodging
 37398 | Vaults:5 | Gained mutation: You are frail. (-10% HP) [a shining eye]
 37946 | Vaults:5 | Identified the +0 spear "Baonno Nogh" {vorpal, *Drain Int+7
                  | Dex+3 SInv}
 37952 | Vaults:5 | Received a gift from Okawaru
 37972 | Vaults:5 | Got a silver rune of Zot
 38279 | Depths:1 | Entered Level 1 of the Depths
 38330 | Depths:1 | Found a glowing golden altar of the Shining One.
 38556 | Depths:2 | Found a gateway to Hell.
 38586 | Depths:2 | Found a runed translucent door.
 38822 | Depths:3 | Found a one-way gate leading to the halls of Pandemonium.
 39444 | Depths:4 | Noticed a juggernaut
 39446 | Depths:4 | Noticed a juggernaut
 39466 | Depths:4 | Killed a juggernaut
 39477 | Depths:4 | Killed a juggernaut
 39477 | Depths:4 | Received a gift from Okawaru
 39477 | Depths:4 | Reached skill level 24 in Fighting
 39477 | Depths:4 | Reached XP level 21. HP: 88/192 MP: 26/26
 40339 | Depths:5 | Entered Level 5 of the Depths
 40438 | Depths:5 | Found a gate to the Realm of Zot.
 40825 | Zot:1    | Entered Level 1 of the Realm of Zot
 40993 | Zot:1    | Noticed a golden dragon
 41000 | Zot:1    | Killed a golden dragon
 41033 | Zot:1    | Received a gift from Okawaru
 41312 | Zot:1    | Noticed a golden dragon
 41323 | Zot:1    | Killed a golden dragon
 42131 | Zot:2    | Reached XP level 22. HP: 125/201 MP: 27/27
 42147 | Zot:2    | Reached skill level 25 in Fighting
 42746 | Zot:3    | Noticed a golden dragon
 42755 | Zot:3    | Received a gift from Okawaru
 42941 | Zot:3    | Killed a golden dragon
 42989 | Zot:3    | Noticed an orb of fire
 43027 | Zot:3    | Gained mutation: You occasionally shout uncontrollably at
                  | your foes. [an orb of fire]
 43031 | Zot:3    | Killed an orb of fire
 43482 | Zot:5    | Entered Level 5 of the Realm of Zot
 43659 | Zot:5    | Received a gift from Okawaru
 43662 | Zot:5    | Noticed an ancient lich
 43674 | Zot:5    | Noticed an orb of fire
 43676 | Zot:5    | Noticed a Killer Klown
 43677 | Zot:5    | Noticed an ancient lich
 43678 | Zot:5    | Noticed an orb of fire
 43679 | Zot:5    | Gained mutation: Your body sometimes deteriorates upon
                  | taking damage. [an orb of fire]
 43680 | Zot:5    | Noticed a Killer Klown
 43683 | Zot:5    | Gained mutation: Your body often deteriorates upon taking
                  | damage. [an orb of fire]
 43684 | Zot:5    | Noticed a Killer Klown
 43688 | Zot:5    | Noticed a Killer Klown
 43691 | Zot:5    | Noticed a Killer Klown
 43693 | Zot:5    | Noticed an ancient lich
 43696 | Zot:5    | Noticed a Killer Klown
 43699 | Zot:5    | Killed an ancient lich
 43703 | Zot:5    | Noticed a Killer Klown
 43714 | Zot:5    | Noticed a Killer Klown
 43718 | Zot:5    | Gained mutation: Your magical capacity is low. (-10% MP)
                  | [an orb of fire]
 43719 | Zot:5    | Reached XP level 23. HP: 81/212 MP: 25/25
 43735 | Zot:5    | HP: 6/212 [Killer Klown/+11 club of freezing (11)]
 43736 | Zot:5    | Demolished by an Orb Guardian

Levels and vault maps discovered:
D:1:      minmay_arrival_four_houses, layout_basic, chequers_garden,
          okawaru_ov_weapons_minmay
D:2:      layout_loops_corners, kennysheep_boxes
D:3:      layout_loops_cross, amethyst_overflow_temple_binary, first_ration,
          minmay_crystal_water, uniq_ijyb, uniq_sigmund
D:4:      layout_basic, cheibrodos_gnoll_hut
D:5:      layout_basic, serial_shops, shop
D:6:      layout_loops_corners
D:7:      layout_loops_cross, minmay_temple_entry_slanted
D:8:      layout_loops_ring, nicolae_overflow_quartered_altars
D:9:      layout_cave_pools, ploomutoo_gammafunk_ghost_potion_laboratory,
          hangedman_pestilent_swarm
D:10:     layout_basic, grunt_lair_entry_orc_guard_hut, zombieorc2_lemuel,
          basic_altar, uniq_snorg
D:11:     layout_loops_cross, gauntlet_entry_generic, serial_shops,
          nicolae_shop_stone
D:12:     layout_gridville, uniq_jorgrun
D:13:     layout_cave_pods, basic_altar, uniq_maurice, uniq_frances,
          uniq_josephine
D:14:     layout_basic, david_vaults_5, evilmike_ruin_ashenzari
D:15:     hangedman_depths_entry_try_elsewhere_first, layout_basic,
          nrook_mini_vaults, fedhas_altar_1
Lair:1:   layout_loops_ring, st_stairs_10, beast_lair_carwin_6
Lair:2:   layout_misc_corridors, spider_nest_entry_webs,
          portal_ice_cave_entry_pillars_1, st_stairs_13,
          minmay_lair_oklob_chamber, uniq_maggie
Lair:3:   layout_regular_city, basic_altar, grunt_megastairs_2,
          infiniplex_staircase_pool, serial_bayou_shore_b, uniq_rupert
Lair:4:   layout_regular_city, minmay_shoals_entry_hut,
          gammafunk_ghost_necromancy, kennysheep_rathole
Lair:5:   beast_lair_carwin_large_1, layout_small_grid, enter_volcano_3,
          serial_bayou_shore_a
Lair:6:   evilmike_catoblepas_cave, layout_small_grid,
          minmay_slime_entry_jelly_boxes, gammafunk_ghost_hive, serial_bayou,
          serial_bayou_pond_d, serial_bayou_crossing, serial_bayou_pond_c,
          serial_bayou_pond_d, disabler_island, uniq_sonja
Shoals:1: layout_shoals, gammafunk_ghost_split
Shoals:2: layout_shoals, serial_shops, shop_fountains
Shoals:3: layout_shoals, serial_shops, shop, nicolae_shop_waterfront,
          shop_statue, nicolae_shop_trees, gammafunk_ghost_abyssal_escape,
          uniq_polyphemus
Shoals:4: shoals_end_hangedman, layout_shoals
Spider:1: layout_spider_delve, uniq_donald
Spider:2: layout_spider_delve, uniq_louise, uniq_kirke, uniq_asterion
Spider:3: layout_spider_delve, gammafunk_ghost_cemetery
Spider:4: spider_rune_water
Vaults:1: v_misc_15, vaults_room_stairs_pillars, ontoclasm_vaults_chip,
          nicolae_vaults_network_square, ontoclasm_vaults_idyll,
          vaults_room_hallway, nicolae_vaults_specimen_jars,
          nicolae_vaults_ninety_degrees, nicolae_vaults_twisting_passages,
          grunt_vaults_diagonal, v_misc_8, nicolae_vaults_puzzle_piece,
          hangedman_vaults_hat, ontoclasm_vaults_ring_square,
          layout_vaults_omnibox
Vaults:2: nicolae_vaults_diagonal_hallway_9, nicolae_vaults_mini_display_case,
          vaults_room_ringed_pool, vaults_dpeg_encased_lava,
          hangedman_vaults_stagger, nicolae_vaults_shelves_hall,
          layout_vaults_chaotic_city
Vaults:3: v_misc_4, minmay_crypt_entry_simple_box, nicolae_vaults_circle_grid_b,
          vaults_room_pools, v_misc_18, v_misc_17, v_misc_14, st_diamondy,
          nicolae_vaults_asterisk, grunt_vaults_funnel, vaults_mumra_lcd,
          serial_ice_m, ontoclasm_vaults_loading_screen,
          vaults_room_stairs_pillars, ontoclasm_vaults_ligature,
          layout_vaults_omnicross, basic_altar
Vaults:4: nicolae_vaults_windows_and_doors_thing,
          vaults_mumra_minichess_inversion, serial_ice_g, v_misc_22,
          v_pattern_5, ontoclasm_vaults_gateway, layout_vaults_quadrants,
          serial_shops, nicolae_shop_temple_entry_statues_fountains
Vaults:5
Depths:1: layout_gridville, enter_ziggurat_d, grunt_hell_entry_dis_grunt,
          abyss_entry_small_statue_room, nicolae_lava_and_water, tso_metal_star
Depths:2: minmay_bloctagon_deflated, layout_honeycomb, hell_entry,
          serial_sigils_hangedman_stare, minmay_statues_item, st_stairs_6,
          minmay_crystal_box
Depths:3: grunt_runaround [grunt_runaround_doors_1, grunt_runaround_doors_2,
          grunt_runaround_doors_3, grunt_runaround_doors_4,
          grunt_runaround_loot], abyss_entry, hell_entry, pan_entry
Depths:4: kennysheep_water_balloons, layout_basic, serial_sigils_hangedman_gnaw,
          hellmouth_1, serial_shops, shop, abyss_entry,
          infiniplex_staircase_diamond
Depths:5: grunt_zot_entry_bicorn, layout_twisted_cross, hell_entry,
          hangedman_abyss_or_decor_stabs, water_maze_lemuel,
          serial_bayou_shore_b
Zot:1:    grunt_zot_stairs_overgrown, layout_gridlike, nrook_zot_tub
Zot:2:    layout_concentric_octagons,
          chequers_guarded_unrand_mask_of_the_dragon, grunt_megastairs_4
Zot:3:    layout_cathedral_of_symmetry, grunt_ministairs_4
Zot:4:    layout_cathedral_of_symmetry
Zot:5:    layout_gridville

Skill      XL: |  1  2  3  4  5  6  7  8  9 10 11 12 13 14 15 16 17 18 19 20 21 22 |
---------------+-------------------------------------------------------------------+-----
Axes           | 3 4 5 7 8 10 11 13 15 16 18 | 18.0
Fighting       | 4 5 6 7 9 10 11 13 15 18 19 20 22 23 24 25 | 25.9
Shields        | 4 5 6 7 9 10 11 12 14 15 | 15.0
Armour         | 4 5 6 8 9 10 11 12 14 16 17 19 20 21 22 23 24 | 24.7
Invocations    | 1 2 3 4 5 6 8 |  8.0
Dodging        | 7 10 12 14 16 17 19 | 19.2

Action                   |  1- 3 |  4- 6 |  7- 9 | 10-12 | 13-15 | 16-18 | 19-21 | 22-24 || total
-------------------------+-------+-------+-------+-------+-------+-------+-------+-------++-------
Melee: War axe           |    60 |    82 |   217 |    45 |    35 |       |       |       ||   439
       Headbutt          |     6 |    20 |    55 |   138 |   228 |   280 |   383 |   107 ||  1217
       Kick              |       |     8 |    83 |    68 |       |       |       |       ||   159
       Hand axe          |       |       |   110 |       |       |       |       |       ||   110
       Broad axe         |       |       |       |   644 |   947 |  1193 |  1218 |   350 ||  4352
       Peck              |       |       |       |       |       |   159 |   375 |    94 ||   628
Invok: Heroism           |       |       |       |     4 |     1 |     4 |     3 |     3 ||    15
       Finesse           |       |       |       |     3 |       |     2 |     1 |     2 ||     8
  Use: Potion            |       |     5 |       |     3 |     4 |     7 |     4 |     2 ||    25
       Scroll            |       |       |    11 |    14 |    12 |     8 |     8 |     3 ||    56
 Stab: Held in net/web   |       |       |       |       |     1 |       |       |       ||     1
       Distracted        |       |       |       |       |       |     1 |       |       ||     1
       Confused          |       |       |       |       |       |       |     3 |       ||     3
  Eat: Chunk             |     1 |     2 |    11 |    12 |    20 |     7 |    12 |       ||    65
       Ration            |       |     1 |     3 |     4 |     4 |     6 |     3 |     1 ||    22
Armor: Scale mail        |    28 |    26 |       |       |       |       |       |       ||    54
       Skin              |       |     1 |       |       |       |       |       |       ||     1
       Chain mail        |       |     8 |    88 |       |       |       |       |       ||    96
       Plate armour      |       |       |   107 |   396 |   521 |   559 |   420 |   127 ||  2130
Dodge: Dodged            |    21 |    14 |    65 |   113 |   229 |   606 |   588 |   206 ||  1842
Block: Kite shield       |    35 |    38 |   174 |   393 |   565 |   784 |   827 |   281 ||  3097

Table legend:
 A = Non-vault XP
 B = Vault XP
 C = Vault XP percentage of total XP
 D = Non-vault monster count
 E = Vault monster count
 F = Vault count percentage of total count
                 A         B        C        D         E       F
            +---------+---------+-------+---------+---------+-------
      Total |  461095 |  386649 |  45.6 |    1078 |     437 |  28.8
            +---------+---------+-------+---------+---------+-------
        D:1 |      57 |       0 |   0.0 |      28 |       0 |   0.0
        D:2 |     131 |       0 |   0.0 |      26 |       0 |   0.0
        D:3 |     114 |     241 |  67.9 |      13 |       2 |  13.3
        D:4 |     331 |     101 |  23.4 |      11 |       3 |  21.4
        D:5 |     646 |       0 |   0.0 |      11 |       0 |   0.0
        D:6 |     243 |       0 |   0.0 |       2 |       0 |   0.0
        D:7 |    1172 |       0 |   0.0 |      42 |       0 |   0.0
        D:8 |    2021 |       0 |   0.0 |      47 |       0 |   0.0
        D:9 |    1945 |     631 |  24.5 |      37 |       4 |   9.8
       D:10 |    2975 |    2248 |  43.0 |      43 |      42 |  49.4
       D:11 |    5529 |       0 |   0.0 |      37 |       0 |   0.0
       D:12 |    5100 |    2950 |  36.6 |      36 |       1 |   2.7
       D:13 |    7197 |    4814 |  40.1 |      36 |       8 |  18.2
       D:14 |    7354 |    6298 |  46.1 |      20 |      13 |  39.4
       D:15 |    9079 |    2481 |  21.5 |      26 |       4 |  13.3
     Lair:1 |    3597 |    1399 |  28.0 |      19 |       8 |  29.6
     Lair:2 |    6259 |     950 |  13.2 |      22 |       4 |  15.4
     Lair:3 |    6899 |    4700 |  40.5 |      28 |       8 |  22.2
     Lair:4 |    2675 |     391 |  12.8 |      14 |      11 |  44.0
     Lair:5 |    5886 |    4209 |  41.7 |      23 |      11 |  32.4
     Lair:6 |    7147 |   11203 |  61.1 |      27 |      37 |  57.8
   Shoals:1 |    1800 |       0 |   0.0 |       3 |       0 |   0.0
   Shoals:2 |   10216 |       0 |   0.0 |      21 |       0 |   0.0
   Shoals:3 |    2150 |       0 |   0.0 |       6 |       0 |   0.0
   Shoals:4 |    3071 |   12347 |  80.1 |       8 |      15 |  65.2
   Spider:1 |    7503 |       0 |   0.0 |      15 |       0 |   0.0
   Spider:2 |   12656 |    6468 |  33.8 |      37 |       6 |  14.0
   Spider:3 |   11071 |   10235 |  48.0 |      35 |       5 |  12.5
   Spider:4 |   20148 |   20780 |  50.8 |      42 |      35 |  45.5
   Vaults:1 |    6574 |       0 |   0.0 |      11 |       0 |   0.0
   Vaults:2 |    9914 |       0 |   0.0 |      18 |       0 |   0.0
   Vaults:3 |   16577 |   13440 |  44.8 |      32 |      21 |  39.6
   Vaults:4 |   14796 |   17716 |  54.5 |      21 |      24 |  53.3
   Vaults:5 |   49432 |  136279 |  73.4 |      72 |      76 |  51.4
   Depths:1 |    1344 |       0 |   0.0 |       2 |       0 |   0.0
   Depths:2 |    6675 |    7332 |  52.3 |      10 |       7 |  41.2
   Depths:3 |     819 |   16145 |  95.2 |       3 |      19 |  86.4
   Depths:4 |   28068 |   23218 |  45.3 |      32 |       7 |  17.9
   Depths:5 |    9192 |   20303 |  68.8 |      10 |      14 |  58.3
      Zot:1 |   51716 |       0 |   0.0 |      30 |       0 |   0.0
      Zot:2 |   35190 |    4038 |  10.3 |      26 |       3 |  10.3
      Zot:3 |   36271 |    7601 |  17.3 |      17 |       6 |  26.1
      Zot:4 |    6862 |       0 |   0.0 |       5 |       0 |   0.0
      Zot:5 |   20769 |   41900 |  66.9 |      15 |      13 |  46.4
    Abyss:2 |   21924 |       0 |   0.0 |      59 |       0 |   0.0
      IceCv |       0 |    3341 | 100.0 |       0 |      22 | 100.0
   Gauntlet |       0 |    2890 | 100.0 |       0 |       8 | 100.0
            +---------+---------+-------+---------+---------+-------
